 Dungeon Crawl Stone Soup version 0.25.0-9-g26727b657a (webtiles) character file.

Game seed: 1154482023757060773

14 mopl the Digger (level 2, 0/17 HPs)
             Began as an Octopode Earth Elementalist on June 18, 2020.
             Slain by a giant cockroach (2 damage)
             ... on level 1 of the Dungeon.
             The game lasted 00:00:39 (190 turns).

mopl the Digger (Octopode Earth Elementalist)        Turns: 190, Time: 00:00:39

Health: 0/17       AC:  1    Str:  7    XL:     2   Next: 41%
Magic:  5/5        EV: 13    Int: 17    God:
Gold:   9          SH:  0    Dex: 12    Spells: 2/5 levels left

rFire    . . .     SeeInvis .   d - +0 spear
rCold    . . .     Gourm    .   (no shield)
rNeg     . . .     Faith    .   (helmet restricted)
rPois    .         Spirit   .   (no amulet)
rElec    .         Reflect  .   (no ring)
rCorr    .         Harm     .   (no ring)
MR       .....                  (no ring)
Stlth    +++.......             (no ring)
HPRegen  0.05/turn              (no ring)
MPRegen  0.09/turn              (no ring)
                                (no ring)
                                (no ring)

@: no status effects
A: almost no armour, stealthy swim, amphibious, 8 rings, constrict 8, camouflage
1, gelatinous body 1
a: no special abilities


You were on level 1 of the Dungeon.
You were not hungry.

You visited 1 branch of the dungeon, and saw 1 of its levels.

You collected 9 gold pieces.

Inventory:

Hand Weapons
 d - a +0 spear (weapon)
Missiles
 a - 2 datura-tipped darts
 b - 50 stones (quivered)
 h - 17 poisoned darts
Scrolls
 e - a scroll of enchant weapon {unknown}
 g - a scroll of magic mapping {unknown}
Comestibles
 c - a ration
 f - 7 chunks of flesh


   Skills:
 - Level 2.0 Dodging
 - Level 2.6 Stealth
 * Level 2.4 Spellcasting
 + Level 1.0 Transmutations
 * Level 3.3 Earth Magic


You had 2 spell levels left.
You knew the following spells:

 Your Spells              Type           Power        Failure   Level  Hunger
a - Sandblast             Erth           ##....       4%          1    #......
p - Passwall              Tmut/Erth      #.......     12%         2    ##.....

Your spell library contained the following spells:

 Spells                   Type           Power        Failure   Level  Hunger
 Stone Arrow              Conj/Erth      #.....       28%         3    ###....
 Petrify                  Tmut/Erth      #.......     58%         4    #####..
 Lee's Rapid Deconstruct  Erth           ##........   78%         5    ######.


Dungeon Overview and Level Annotations

Branches:
Dungeon (1/15)

Altars:


Innate Abilities, Weirdness & Mutations

You cannot wear most types of armour.
You are very stealthy in the water. (Stealth+)
You are amphibious.
You can wear up to eight rings at the same time.
You can use your tentacles to constrict eight enemies at once.
Your skin changes colour to match your surroundings (Stealth+).
Your rubbery body absorbs attacks. (AC +1, EV +1)


Message History

You are too injured to fight recklessly!
You hit the hobgoblin but do no damage.
The hobgoblin is moderately wounded.
You constrict the hobgoblin. The hobgoblin hits you.
* * * LOW HITPOINT WARNING * * *
The hobgoblin hits you.
* * * LOW HITPOINT WARNING * * *
You hit the hobgoblin.
The hobgoblin is almost dead.
You constrict the hobgoblin.
You kill the hobgoblin!
The giant cockroach barely misses you.
You barely miss the giant cockroach. You grab the giant cockroach.
You constrict the giant cockroach.
The giant cockroach bites you but does no damage.
You hit the giant cockroach but do no damage.
The giant cockroach is moderately wounded.
You constrict the giant cockroach, but do no damage.
The giant cockroach closely misses you. The giant cockroach bites you.
You die...

# ##.##.#......#...#.#
#############.##.########...#.#
.............)...........>....###
###...######.......####..#......#
# #...# #.......# ##...####..
###...# #.......# #..## ##.
...#### #.......# #.. #.
...############.##.#...... ##.
...#.......##...@....≈≈§≈..####..
...).......##...s..§§§≈≈ §§.....≈
...........##......§≈≈≈≈ ≈§.....≈
...........#####.#..≈§§§ §§.....≈
...#.......# ......§≈§ ...##...
####.......# ......§§. ..# #...
######### .......## ## ...##
.....#.## .... ....


You could see a giant cockroach.

Vanquished Creatures
  A dart slug (D:1)
  A leopard gecko (D:1)
  A bat (D:1)
  A giant cockroach (D:1)
  4 hobgoblins (D:1)
  A frilled lizard (D:1)
9 creatures vanquished.

Notes
Turn   | Place    | Note
-------+----------+-------------------------------------------
     0 | D:1      | mopl the Octopode Earth Elementalist began the quest for
                  | the Orb.
     0 | D:1      | Reached XP level 1. HP: 11/11 MP: 3/3
   104 | D:1      | Reached XP level 2. HP: 11/17 MP: 5/5
   133 | D:1      | Learned a level 2 spell: Passwall
   190 | D:1      | Slain by a giant cockroach

Illustrated notes

Levels and vault maps discovered:
D:1:      dpeg_arrival_pits, layout_basic

Action                   || total
-------------------------++-------
Melee: Spear             ||    26
       Unarmed           ||     9
       Constrict         ||    10
       Tentacles         ||     3
 Stab: Sleeping          ||     4
Armor: Skin              ||     2
Dodge: Dodged            ||    20
